 Dungeon Crawl Stone Soup version 0.32-a0-656-g3542139ebd (webtiles) character file.

Game seed: 13801025561530693984

373 ytrimaz the Sneak (level 6, -11/31 (38) HPs)
             Began as an Octopode Shapeshifter on Mar 8, 2024.
             Mangled by a wight
             ... wielding a +0 great sword of protection
              (17 damage)
             ... on level 4 of the Dungeon.
             The game lasted 00:02:49 (2779 turns).

ytrimaz the Sneak (Octopode Shapeshifter)           Turns: 2779, Time: 00:02:49

HP:   -11/31 (38)   AC:  1    Str: 11 (14) XL:     6   Next: 72%
MP:   6/6           EV: 13    Int: 11 (14) God:
Gold: 176           SH:  0    Dex:  9 (11) Spells: 5/5 levels left

rFire   . . .        h - +1 dagger (venom)
rCold   . . .        (no shield)
rNeg    . . .        (helmet currently unavailable)
rPois   .            (no amulet)
rElec   .            (no ring)
rCorr   .            (no ring)
SInv    .            (no ring)
Will    .....        (no ring)
Stlth   ++++         (no ring)
HPRegen 0.25/turn    (no ring)
MPRegen 0.10/turn    (no ring)
                     (no ring)

%: no passive effects
@: mighty, brilliant, beast-form, heavily drained
A: beast (slay +3), almost no armour, amphibious, 8 rings, camouflage 1,
gelatinous body 1, (nimble swimmer 1), tentacles
a: Begin Untransformation


You were on level 4 of the Dungeon.
You were a hulking beast.
You visited 1 branch of the dungeon, and saw 4 of its levels.

You collected 176 gold pieces.


Innate Abilities, Weirdness & Mutations

You are a hulking beast.
Your limbs bulge with bestial killing power. (Slay +3)
You cannot wear most types of armour.
You are amphibious.
You can wear up to eight rings at the same time.
Your skin changes colour to match your surroundings (Stealth+).
Your rubbery body absorbs attacks. (AC +1, EV +1)
((You are camouflaged when in or above water. (Stealth+)))
You have tentacles for arms and can constrict up to eight enemies at once.


   Skills:
 - Level 1.0 Fighting
 - Level 2.0 Dodging
 + Level 6.5 Stealth
 - Level 3.0 Unarmed Combat
 + Level 5.2 Shapeshifting


You had 5 spell levels left.
You didn't know any spells.
Your spell library was empty.

Inventory:

Hand Weapons
 h - a +1 dagger of venom (weapon)
   (You took it off a goblin on level 1 of the Dungeon)
Talismans
 b - a beast talisman (active)
 c - a flux talisman
Scrolls
 d - a scroll of poison
 i - a scroll of immolation
 l - a scroll of amnesia {unknown}
 n - 2 scrolls of enchant weapon {unknown}
 o - a scroll of identify {unknown}
Potions
 a - 2 potions of lignification
 f - a potion of brilliance
 k - a potion of curing {unknown}
 m - a potion of mutation {unknown}
 p - a potion of cancellation {unknown}

Dungeon Overview and Level Annotations

Branches:
Dungeon (4/15) Zot: 21217
 Temple: D:4-7

Altars:
Gozag
Qazlal

Annotations:
D:3 2 runed translucent doors, seaoflcl's ghost, amateur DrFi

......# #.## ... .
......# ..# ..# ..
.....)#####.######..#...
........................
.......................
..............##...#
......#####...†..#
......# #...)#####
......# #..#..zh..#
.###### #..##..###..# .
#.# ##..# ..# ... .....
... ###. #####.. #.# #
#. .


You could see a wight.


Message History

You take 4 damage, and now have 18/49 hp.
You closely miss the wight. The wight hits you but does no damage.
It was a potion of brilliance.
You feel clever all of a sudden. The wight hits you but does no damage.
Unknown command.
It was a potion of degeneration.
There was something very wrong with that liquid.
You feel weakened.
You feel dopey.
You feel clumsy.
The wight completely misses you. 😨 HP[+1] It was a potion of invisibility.
You fade into invisibility!
The wight hits you with a +3 mace.
* * * LOW HITPOINT WARNING * * *
😨 HP[-2]
You take 2 damage, and now have 17/49 hp.
You hit the wight. The wight hits you with a +3 mace.
* * * LOW HITPOINT WARNING * * *
You feel drained.
* * * LOW HITPOINT WARNING * * *
😨 HP[-3]
You now have 48 max hp (-1).
You take 3 damage, and now have 14/48 hp.
You closely miss the wight. The wight hits you but does no damage.
You hit the wight but do no damage.
The wight hits you but does no damage. 😨 HP[+1] Unknown command.
You hit the wight but do no damage. The wight hits you but does no damage.
You hit the wight but do no damage. The wight hits you but does no damage.
Unknown command.
You hit the wight but do no damage.
The wight hits you but does no damage. 😨 HP[+1]
You catch the helpless wight completely off-guard!
You puncture the wight!
Unknown command.
You closely miss the wight.
It was a potion of might.
You feel very mighty all of a sudden. 😨 HP[+1] Unknown command.
You cannot move.
You cannot move.
Unknown command.
You cannot move.
You cannot move.
Unknown command.
You cannot move.
You cannot move.
You start resting.
You flicker for a moment. 😨 HP[+3]
You regained 3 hp, and now have 20/48 hp.
You start resting.
You flicker back into view. 😨 HP[+1]
You cannot move.
You start resting.
A wight is nearby! 😨 HP[+1]
A wight is nearby!
A wight is nearby!
Unknown command.
A wight is nearby!
You cannot move.
Unknown command.
A wight is nearby!
Your transformation is almost over.
A wight is nearby! 😨 HP[+1] Unknown command.
You cannot move.
You cannot move.
Unknown command.
A wight is nearby!
Unknown command.
You cannot move.
You cannot move.
Unknown command. 😨 HP[+1]
You hit the wight but do no damage.
The wight hits you with a +0 great sword of protection!
* * * LOW HITPOINT WARNING * * *
😨 HP[-7]
You take 7 damage, and now have 17/48 hp.
Unknown command.
You hit the wight but do no damage. The wight hits you but does no damage.
A wight is nearby!
Unknown command.
You closely miss the wight.
The wight hits you with a +0 great sword of protection!
* * * LOW HITPOINT WARNING * * *
You feel drained.
* * * LOW HITPOINT WARNING * * *
You closely miss the wight.
You feel less wooden.
You turn into a hulking beast.
The wight hits you with a +0 great sword of protection!
Ouch! That really hurt!
You die...

Skill      XL: |  1  2  3  4  5 |
---------------+----------------+-----
Stealth        | 1 2 3 4 6 |  6.5
Shapeshifting  | 4 5 |  5.2
Fighting       | |  1.0
Dodging        | |  2.0
Unarmed Combat | |  3.0

Action                     |  1- 3 |  4- 6 || total
---------------------------+-------+-------++-------
  Melee: Unarmed           |     5 |       ||     5
         Dagger            |    54 |    80 ||   134
         Tentacles         |    13 |    13 ||    26
         Constrict         |    12 |    13 ||    25
         Short sword       |     1 |       ||     1
         Punch             |     1 |       ||     1
    Use: Scroll            |       |     3 ||     3
         Potion            |       |     5 ||     5
   Stab: Sleeping          |    11 |     8 ||    19
         Distracted        |     1 |       ||     1
         Invisible         |       |     1 ||     1
 Armour: Skin              |    25 |    47 ||    72
  Dodge: Dodged            |    30 |    34 ||    64

Levels and vault maps discovered:
D:1:      dpeg_arrival_short_road, layout_basic, supply_closet_lemuel
D:2:      layout_basic, minivault_11
D:3:      layout_loops_ring, lemuel_tele_altar, grunt_qazlal_clouds,
          ebering_ghost_sewer_f, serial_glass, glass_columns_b, glass_columns_a,
          uniq_natasha
D:4:      layout_rooms, uniq_duvessa, uniq_ijyb

Notes
Turn   | Place    | Note
-------+----------+-------------------------------------------
     0 | D:1      | ytrimaz the Octopode Shapeshifter began the quest for the
                  | Orb.
     0 | D:1      | Reached XP level 1. HP: 13/13 MP: 1/1
     0 | D:1      | magus.rc [v1.9.6]
   209 | D:1      | Reached skill level 1 in Stealth
   292 | D:1      | Reached XP level 2. HP: 17/18 MP: 2/2
   479 | D:1      | Reached skill level 2 in Stealth
   708 | D:1      | Reached XP level 3. HP: 22/23 MP: 3/3
  1046 | D:2      | Reached skill level 3 in Stealth
  1396 | D:2      | Reached XP level 4. HP: 25/28 MP: 4/4
  1648 | D:2      | Reached skill level 4 in Shapeshifting
  1775 | D:3      | Noticed Natasha
  1787 | D:3      | Reached skill level 4 in Stealth
  1787 | D:3      | HP: 4/28 [burnt (5)]
  1894 | D:3      | Killed Natasha
  1895 | D:3      | Reached XP level 5. HP: 24/33 MP: 5/5
  1978 | D:3      | Found an opulent altar of Gozag.
  2045 | D:3      | Noticed Natasha
  2049 | D:3      | Killed Natasha
  2050 | D:3      | Reached skill level 5 in Stealth
  2113 | D:3      | Found a runed translucent door.
  2115 | D:3      | Noticed seaoflcl's ghost (amateur DrFi)
  2216 | D:3      | Noticed Natasha
  2224 | D:3      | Killed Natasha
  2271 | D:3      | Found a stormy altar of Qazlal.
  2325 | D:3      | Found a runed translucent door.
  2626 | D:4      | Noticed an ogre
  2634 | D:4      | Killed an ogre
  2635 | D:4      | Reached skill level 6 in Stealth
  2635 | D:4      | Reached skill level 5 in Shapeshifting
  2635 | D:4      | Reached XP level 6. HP: 38/38 MP: 6/6
  2778 | D:4      | HP: 10/48 [wight/+0 great sword of protection (7)]
  2779 | D:4      | Mangled by a wight

Vanquished Creatures
  An ogre (D:4)
  A wight (D:4)
  A bombardier beetle (D:3)
  Natasha (thrice) (D:3)
  6 adders
  A dart slug (D:3)
  A ribbon worm (D:3)
  3 orcs
  8 ball pythons
  6 endoplasms
  5 giant cockroaches
  5 hobgoblins
  2 jackals (D:2)
  7 kobolds
  3 quokkas
  3 bats
  8 frilled lizards
  6 goblins
70 creatures vanquished.

Table legend:
 A = Non-vault XP
 B = Vault XP
 C = Vault XP percentage of total XP
 D = Non-vault monster count
 E = Vault monster count
 F = Vault count percentage of total count
                 A         B        C        D         E       F
            +---------+---------+-------+---------+---------+-------
      Total |     499 |      35 |   6.6 |      69 |       1 |   1.4
            +---------+---------+-------+---------+---------+-------
        D:1 |      39 |       0 |   0.0 |      23 |       0 |   0.0
        D:2 |      72 |       0 |   0.0 |      23 |       0 |   0.0
        D:3 |     163 |      35 |  17.7 |      13 |       1 |   7.1
        D:4 |     225 |       0 |   0.0 |      10 |       0 |   0.0
            +---------+---------+-------+---------+---------+-------

Skill      XL: |  1  2  3  4  5 |
---------------+----------------+-----
Stealth        | 1 2 3 4 6 |  6.5
Shapeshifting  | 4 5 |  5.2
Fighting       | |  1.0
Dodging        | |  2.0
Unarmed Combat | |  3.0

Action                     |  1- 3 |  4- 6 || total
---------------------------+-------+-------++-------
  Melee: Unarmed           |     5 |       ||     5
         Dagger            |    54 |    80 ||   134
         Tentacles         |    13 |    13 ||    26
         Constrict         |    12 |    13 ||    25
         Short sword       |     1 |       ||     1
         Punch             |     1 |       ||     1
    Use: Scroll            |       |     3 ||     3
         Potion            |       |     5 ||     5
   Stab: Sleeping          |    11 |     8 ||    19
         Distracted        |     1 |       ||     1
         Invisible         |       |     1 ||     1
 Armour: Skin              |    25 |    47 ||    72
  Dodge: Dodged            |    30 |    34 ||    64

Illustrated notes

Table legend:
 A = Kills in this place as a percentage of kills in the entire game.
 B = Kills by you in this place as a percentage of kills by you in the entire game.
 C = Kills by friends in this place as a percentage of kills by friends in the entire game.
 D = Other kills in this place as a percentage of other kills in the entire game.
 E = Experience gained in this place as a percentage of experience gained in the entire game.
 F = Experience gained in this place divided by the number of levels of this place that you have seen.
                   A       B       C       D       E      F
               +-------+-------+-------+-------+-------+----------------------
         Total | 100.0 | 100.0 |   N/A |   N/A | 100.0 | 133.5
       Dungeon | 100.0 | 100.0 |   N/A |   N/A | 100.0 | 133.5
               +-------+-------+-------+-------+-------+----------------------

Table legend: (Time is in decaauts)
 A = Elapsed time spent in this place.
 B = Non-inter-level travel time spent in this place.
 C = Inter-level travel time spent in this place.
 D = Time resting spent in this place.
 E = Time spent auto-exploring this place.
 F = Levels seen in this place.
 G = Mean time per level.
                   A        B        C        D        E       F      G
               +--------+--------+--------+--------+--------+-----+--------+
         Total |   2781 |   2740 |     41 |    149 |   2071 |   4 |  695.2 |
       Dungeon |   2781 |   2740 |     41 |    149 |   2071 |   4 |  695.2 |
               +--------+--------+--------+--------+--------+-----+--------+

Top non-repeatable levels by time:
     D:1: 937 daAuts
     D:2: 830 daAuts
     D:3: 822 daAuts
     D:4: 190 daAuts
